 Dungeon Crawl Stone Soup version 0.26.1-2-gb8aa6d0cf2 (webtiles) character file.

Game seed: 568355138920958034

77 Cassim the Magician (level 4, -4/33 HPs)
             Began as a Human Hedge Wizard on Mar 28, 2021.
             Killed by divine providence
             ... invoked by an orc priest
              (10 damage)
             ... on level 3 of the Dungeon.
             The game lasted 00:32:24 (4172 turns).

Cassim the Magician (Human Hedge Wizard)            Turns: 4172, Time: 00:32:24

Health: -4/33      AC:  4    Str: 11    XL:     4   Next: 60%
Magic:  4/9        EV: 12    Int: 15    God:
Gold:   127        SH:  5    Dex: 12    Spells: 6/10 levels left

rFire    . . .     SeeInvis .   f - +0 mace
rCold    . . .     Faith    .   (no shield)
rNeg     . . .     Spirit   .   i - +0 leather armour
rPois    .         Reflect  +   l - +1 hat
rElec    .         Harm     .   (no cloak)
rCorr    .         Rampage  .   (no gloves)
Will     .....                  (no boots)
Stlth    ++........             d - amulet of reflection
HPRegen  0.11/turn              (no ring)
MPRegen  0.11/turn              (no ring)

@: very slightly contaminated
A: no striking features
a: no special abilities


You were on level 3 of the Dungeon.
You visited 1 branch of the dungeon, and saw 3 of its levels.

You collected 127 gold pieces.

Inventory:

Hand Weapons
 a - a +0 dagger
 f - a +0 mace (weapon)
Armour
 b - a +0 robe
 c - a +0 hat
 i - a +0 leather armour (worn)
 l - a +1 hat (worn)
Jewellery
 d - an amulet of reflection (around neck)
Scrolls
 e - a scroll of identify
 h - a scroll of random uselessness
 j - a scroll of fear {unknown}
 k - a scroll of remove curse {unknown}


   Skills:
 + Level 1.9 Fighting
 + Level 0.9 Maces & Flails
 - Level 2.0 Dodging
 - Level 2.0 Stealth
 + Level 3.6 Spellcasting
 + Level 2.2 Conjurations
 - Level 1.0 Summonings
 - Level 1.0 Translocations


You had 6 spell levels left.
You knew the following spells:

 Your Spells              Type           Power        Failure   Level
a - Magic Dart            Conj           36%          10%         1
b - Mephitic Cloud        Conj/Pois/Air  4%           50%         3

Your spell library contained the following spells:

 Spells                   Type           Power        Failure   Level
 Blink                    Tloc           N/A          26%         2
 Call Imp                 Summ           5%           26%         2
 Slow                     Hex            2%           36%         2
 Conjure Flame            Conj/Fire      6%           43%         3


Dungeon Overview and Level Annotations

Branches:
Dungeon (3/15)

Altars:


Message History

Beogh smites you!
Casting: Magic Dart (safe; 10% risk of failure)
Confirm with . or Enter, or press ? or * to list all spells.
Aiming: Magic Dart (safe; 10% risk of failure)
Press: ? - help, Shift-Dir - straight line, f/p - orc priest
Aim: an orc priest, wearing a cursed +0 chain mail (0% to evade)
The magic dart hits the orc priest but does no damage.
Casting: Magic Dart (safe; 10% risk of failure)
Confirm with . or Enter, or press ? or * to list all spells.
Aiming: Magic Dart (safe; 10% risk of failure)
Press: ? - help, Shift-Dir - straight line, f/p - orc priest
Aim: an orc priest, wearing a cursed +0 chain mail (0% to evade)
The magic dart hits the orc priest.
The orc priest is lightly wounded.
The orc priest calls down the wrath of Beogh upon you.
Beogh smites you!
* * * LOW HITPOINT WARNING * * *
The orc priest invokes the aid of Beogh against you.
Beogh smites you!
You die...

#########################...##
.o.o.<†...>..)....)...##.###.##
###############.#####...##
##.### # #.# ###.# #.... #
########.## #)## ##.### ###
#.........# ##.###.##
#.######.######..########....#
.#...[...# ###..##......)...#
#.#####.#####...@...######...#
....##.#............# #.).##
...........##o#####.######....##
#.#.###.##.##)# #............##
#.#.# .##.# #########......
#.#.# ##.# #.#..## ..# #
#.##.##.# #.#..## ### ........#
#...... . #........# ###..#.


You could see an orc priest.

Vanquished Creatures
  An ooze (D:3)
  A worm (D:2)
  3 dart slugs
  A leopard gecko (D:1)
  5 orcs (D:3)
  4 bats (D:1)
  A giant cockroach (D:1)
  4 goblins
  9 hobgoblins
  6 jackals
  A ball python (D:3)
  5 frilled lizards
  5 kobolds
  10 rats
56 creatures vanquished.

Notes
Turn   | Place    | Note
-------+----------+-------------------------------------------
     0 | D:1      | Cassim the Human Hedge Wizard began the quest for the Orb.
     0 | D:1      | Reached XP level 1. HP: 13/13 MP: 4/4
    89 | D:1      | Reached XP level 2. HP: 11/20 MP: 0/6
   433 | D:1      | Reached skill level 1 in Fighting
   898 | D:1      | Reached XP level 3. HP: 26/26 MP: 1/7
   957 | D:1      | Learned a level 3 spell: Mephitic Cloud
  2814 | D:2      | Reached XP level 4. HP: 20/33 MP: 0/9
  3564 | D:3      | HP: 1/33 [orc priest/divine providence (15)]
  4172 | D:3      | Killed from afar by an orc priest

Illustrated notes

Levels and vault maps discovered:
D:1:      amcnicky_arrival_single_pillar, layout_loops_corners
D:2:      layout_basic, serial_corexii_hall, chequers_hall_statues_y,
          corexii_hall_statues_i, st_stairs_8
D:3:      layout_loops_ring, chequers_jeans

Skill      XL: |  1  2  3 |
---------------+----------+-----
Fighting       | 1 |  1.9
Conjurations   | 2 |  2.2
Maces & Flails | |  0.9
Dodging        | |  2.0
Stealth        | |  2.0
Spellcasting   | |  3.6
Summonings     | |  1.0
Translocations | |  1.0

Action                   |  1- 3 |  4- 6 || total
-------------------------+-------+-------++-------
Melee: Dagger            |    66 |       ||    66
       Mace              |    10 |    28 ||    38
 Cast: Magic Dart        |   100 |    49 ||   149
  Use: Scroll            |     2 |     5 ||     7
 Stab: Sleeping          |     1 |       ||     1
Armor: Robe              |    11 |       ||    11
       Leather armour    |       |     4 ||     4
Dodge: Dodged            |    60 |    19 ||    79
Block: Other             |     2 |     8 ||    10
